 Dungeon Crawl Stone Soup version 0.29-a0-830-gcb1280458a (webtiles) character file.

Game seed: 18436574697842371739

56 PimpSugar the Magician (level 3, -1/26 HPs)
             Began as a Demonspawn Hedge Wizard on July 11, 2022.
             Slain by a hobgoblin (4 damage)
             ... led by Robin
             ... on level 2 of the Dungeon.
             The game lasted 00:05:55 (1591 turns).

PimpSugar the Magician (Demonspawn Hedge Wizard)    Turns: 1591, Time: 00:05:56

Health: -1/26      AC:  2    Str: 10    XL:     3   Next: 71%
Magic:  0/8        EV: 12    Int: 17    God:
Gold:   43         SH:  0    Dex: 12    Spells: 5/9 levels left

rFire   . . .      SeeInvis .   a - +0 dagger
rCold   . . .      Faith    .   (no shield)
rNeg    . . .      Spirit   +   b - +0 robe
rPois   .          Reflect  .   c - +0 hat
rElec   .          Harm     .   (no cloak)
rCorr   .          Rampage  .   (no gloves)
Will    .....                   (no boots)
Stlth   ++........              g - amulet of guardian spirit
HPRegen 0.08/turn               (no ring)
MPRegen 0.11/turn               (no ring)

@: no status effects
A: demonic touch 1
a: no special abilities


You were on level 2 of the Dungeon.
You visited 1 branch of the dungeon, and saw 2 of its levels.

You collected 43 gold pieces.

Inventory:

Hand Weapons
 a - a +0 dagger (weapon)
 i - a +0 sling
Missiles
 e - 14 stones
 j - 3 javelins
Armour
 b - a +0 robe (worn)
 c - a +0 hat (worn)
Jewellery
 g - an amulet of guardian spirit (around neck)
Scrolls
 f - a scroll of fog (quivered)


   Skills:
 + Level 1.0 Fighting
 + Level 2.1 Dodging
 + Level 2.1 Stealth
 * Level 3.5 Spellcasting
 + Level 1.3 Conjurations
 + Level 1.4 Summonings
 + Level 1.3 Translocations


You had 5 spell levels left.
You knew the following spells:

 Your Spells              Type           Power      Damage    Failure   Level
a - Magic Dart            Conj           28%        1d4       10%         1
b - Call Imp              Summ           7%         N/A       14%         2
c - Apportation           Tloc           14%        N/A       10%         1

Your spell library contained the following spells:

 Spells                   Type           Power      Damage    Failure   Level
 Blink                    Tloc           14%        N/A       14%         2
 Slow                     Hex            8%         N/A       17%         1
 Conjure Flame            Conj/Fire      5%         6-21      36%         3
 Mephitic Cloud           Conj/Pois/Air  4%         N/A       38%         3
 Alistair's Intoxication  Tmut/Pois      1%         N/A       99%         5


Dungeon Overview and Level Annotations

Branches:
Dungeon (2/15)

Altars:

Annotations:
D:2 Natasha, Robin


Innate Abilities, Weirdness & Mutations

Your touch may inflict minor irresistible damage on your foes.


Message History

The goblin hits your crimson imp with a +0 dagger.
The crimson imp blinks!
Your crimson imp hits the goblin.
Casting: Call Imp (safe; 14% risk of failure)
Confirm with . or Enter, or press ? or * to list all spells.
Aiming: Magic Dart (safe; 10% risk of failure)
Press: ? - help, Shift-Dir - straight line The magic dart hits the goblin.
The goblin is heavily wounded.
The goblin hits your crimson imp with a +0 club.
Robin roars a battlecry!
The goblins go into a battle-frenzy!
The goblin hits you with a +0 club.
* * * LOW HITPOINT WARNING * * *
The hobgoblin hits your crimson imp.
The goblin closely misses your crimson imp.
Your crimson imp barely misses the hobgoblin.
You closely miss the goblin.
You touch the goblin.
You kill the goblin!
The goblin closely misses your crimson imp.
The goblin misses your crimson imp.
The shadow imp lashes its tail.
Your crimson imp hits the hobgoblin but does no damage.
Natasha claws your crimson imp. The hobgoblin attacks as you move away!
The hobgoblin closely misses you.
The shadow imp disappears in a puff of smoke!
The goblin closely misses your crimson imp.
Robin throws the goblin at you!
The goblin hits your crimson imp with a +0 dagger.
Your crimson imp barely misses the goblin.
An adder comes into view.
The adder hisses angrily.
The goblin misses you. Robin throws the goblin at you!
The goblin closely misses you. The goblin misses your crimson imp.
The crimson imp blinks!
Something claws your crimson imp.
Your crimson imp dies!
Your crimson imp disappears in a puff of smoke!
The adder moves out of view.
The goblin attacks as you move away! The goblin barely misses you.
The hobgoblin attacks as you move away! The hobgoblin hits you.
You die...

#####
##.......§.....
..#.
..........5....
... ..#....§..#
#.##.##).g§...#
#....##g.§§§..#
#†.###).g§§......
.
#.....h#######...
....######.#.g###
#.
#........#g@####
#######...g....#
####..##..##.#
#.............#
#.#.########....
####...# # ..
##.....## .
####..##.###
............


You could see Robin, a hobgoblin (strong) and 3 goblins.

Vanquished Creatures
  An adder (D:2)
  A dart slug (D:1)
  6 bats (D:1)
  2 endoplasms (D:1)
  3 goblins
  5 jackals (D:1)
  6 ball pythons
  A frilled lizard (D:2)
  2 kobolds (D:1)
  3 rats (D:1)
30 creatures vanquished.

Vanquished Creatures (collateral kills)
  A dart slug (D:2)
  An endoplasm (D:1)
  A hobgoblin (D:2)
  2 jackals (D:1)
  A ball python (D:1)
  3 goblins
  A rat (D:1)
10 creatures vanquished.

Grand Total: 40 creatures vanquished

Notes
Turn   | Place    | Note
-------+----------+-------------------------------------------
     0 | D:1      | PimpSugar the Demonspawn Hedge Wizard began the quest for
                  | the Orb.
     0 | D:1      | Reached XP level 1. HP: 13/13 MP: 4/4
    89 | D:1      | Reached skill level 1 in Translocations
   116 | D:1      | Discovered your monstrous ancestry.
   116 | D:1      | Gained mutation: Your touch may inflict minor irresistible
                  | damage on your foes. [demonic ancestry]
   116 | D:1      | Reached XP level 2. HP: 17/19 MP: 0/6
   201 | D:1      | Learned a level 2 spell: Call Imp
   394 | D:1      | Learned a level 1 spell: Apportation
   951 | D:1      | Reached XP level 3. HP: 25/25 MP: 3/7
  1548 | D:2      | Reached skill level 1 in Fighting
  1564 | D:2      | Noticed Natasha
  1578 | D:2      | Noticed Robin
  1591 | D:2      | Slain by a hobgoblin

Illustrated notes

Levels and vault maps discovered:
D:1:      lemuel_arrival_muddy, layout_basic
D:2:      layout_rooms, basic_altar, minmay_3d_cube, uniq_natasha, uniq_robin

Skill      XL: |  1  2  3 |
---------------+----------+-----
Translocations | 1 |  1.3
Stealth        | 2 |  2.1
Dodging        | 2 |  2.1
Fighting       | 1 |  1.0
Spellcasting   | |  3.5
Conjurations   | |  1.3
Summonings     | |  1.4

Action                   || total
-------------------------++-------
Melee: Dagger            ||    73
       Punch             ||     1
       Touch             ||     9
 Fire: Sling             ||     2
 Cast: Magic Dart        ||    45
       Call Imp          ||     9
  Use: Potion            ||     3
       Scroll            ||     1
Armor: Robe              ||    28
Dodge: Dodged            ||    94

Table legend: (Time is in decaauts)
 A = Elapsed time spent in this place.
 B = Non-inter-level travel time spent in this place.
 C = Inter-level travel time spent in this place.
 D = Time resting spent in this place.
 E = Time spent auto-exploring this place.
 F = Levels seen in this place.
 G = Mean time per level.
                   A        B        C        D        E       F      G
               +--------+--------+--------+--------+--------+-----+--------+
         Total |   1593 |   1558 |     35 |    133 |   1039 |   2 |  796.5 |
       Dungeon |   1593 |   1558 |     35 |    133 |   1039 |   2 |  796.5 |
               +--------+--------+--------+--------+--------+-----+--------+

Top non-repeatable levels by time:
     D:1: 1417 daAuts
     D:2: 175 daAuts
